 Dungeon Crawl Stone Soup version 0.25-a0-1073-gf4359a1 (webtiles) character file.

Game seed: 8928129426066833012, levelgen mode: deterministic

1320 Illumine the Digger (level 8, -1/46 HPs)
             Began as a Gargoyle Earth Elementalist on May 13, 2020.
             Slain by a hound (3 damage)
             ... on level 6 of the Dungeon on May 14, 2020.
             The game lasted 00:14:38 (6393 turns).

Illumine the Digger (Gargoyle Earth Elementalist)   Turns: 6393, Time: 00:14:39

Health: -1/46      AC:  8    Str: 13    XL:     8   Next: 59%
Magic:  8/14       EV: 13    Int: 17    God:
Gold:   351        SH:  0    Dex: 10    Spells: 12/16 levels left

rFire    . . .     SeeInvis +   B - +0 morningstar
rCold    . . .     Gourm    .   (no shield)
rNeg     + . .     Faith    .   c - +0 robe
rPois    ∞         Spirit   .   n - +0 helmet
rElec    +         Reflect  .   (no cloak)
rCorr    .         Harm     .   (no gloves)
MR       .....                  (no boots)
Stlth    +++.......             (no amulet)
HPRegen  0.15/turn              o - ring of stealth
MPRegen  0.14/turn              m - ring of see invisible

@: no status effects
A: negative energy resistance 1, electricity resistance, unbreathing,
petrification resistance, rot immunity, AC +5
a: no special abilities


You were on level 6 of the Dungeon.
You were very hungry.

You visited 1 branch of the dungeon, and saw 6 of its levels.
You also visited: Sewer.

You collected 351 gold pieces.

Inventory:

Hand Weapons
 t - a +1 flail of protection
 A - the cursed +1 flail of Punaygg {protect, rPois rF- Int+5}
   (You found it on level 5 of the Dungeon)

   It grants its wielder temporary protection when it strikes (+7 to AC).
   It affects your intelligence (+5).
   It makes you vulnerable to fire.
   It protects you from poison.
   It has a curse placed upon it.
 B - a +0 morningstar (weapon)
Missiles
 b - 30 stones (quivered)
 x - 8 datura-tipped darts
Armour
 c - a +0 robe (worn)
 f - a +0 tower shield
 n - a +0 helmet (worn)
Jewellery
 g - an uncursed ring of teleportation
 h - an uncursed ring of fire
 m - a ring of see invisible (right hand)
 o - a ring of stealth (left hand)
Scrolls
 q - a scroll of random uselessness {unknown}
 s - 3 scrolls of remove curse
 v - a scroll of fear {unknown}
 w - a scroll of magic mapping {unknown}
 y - a scroll of amnesia
Potions
 a - a potion of berserk rage {unknown}
 e - 3 potions of brilliance
 i - 3 potions of curing
 j - 2 potions of ambrosia
 k - 3 potions of might
 l - a potion of invisibility {unknown}
 p - 5 potions of heal wounds
 r - 3 potions of lignification {unknown}
 z - a potion of degeneration {unknown}
Comestibles
 d - 10 rations


   Skills:
 + Level 3.2 Fighting
 + Level 2.8 Maces & Flails
 + Level 4.0 Dodging
 - Level 2.1 Stealth
 + Level 1.7 Shields
 + Level 4.5 Spellcasting
 + Level 4.3 Conjurations
   Level 0.7 Transmutations
 + Level 6.5 Earth Magic


You had 12 spell levels left.
You knew the following spells:

 Your Spells              Type           Power        Failure   Level  Hunger
a - Sandblast             Erth           ####..       1%          1    None
b - Stone Arrow           Conj/Erth      ###...       4%          3    ###....

Your spell library contained the following spells:

 Spells                   Type           Power        Failure   Level  Hunger
 Passwall                 Tmut/Erth      ###.....     4%          2    ##.....
 Lee's Rapid Deconstruct  Erth           ####......   28%         5    ######.
 Petrify                  Tmut/Erth      ###.....     32%         4    ####...


Dungeon Overview and Level Annotations

Branches:
Dungeon (6/15)              Sewer (visited)
 Temple: D:4-7

Altars:
Gozag
Hepliaklqana
Trog


Innate Abilities, Weirdness & Mutations

You are resistant to torment.
Your stone body is resilient. (AC +5)
You are immune to poison.
You resist negative energy. (rN+)
You are resistant to electric shocks. (rElec)
You can survive without breathing.
You are immune to petrification.
You are immune to rotting.


Message History

Confirm with . or Enter, or press ? or * to list all spells.
Aiming: Sandblast (safe; 1% risk of failure)
Press: ? - help, Shift-Dir - straight line, f/p - centaur
Aim: a centaur, quivering 10 arrows (almost dead)
The blast of sand hits the centaur!
You kill the centaur!
Your Dodging skill increases to level 4!
b - 31 stones
Casting: Sandblast (safe; 1% risk of failure)
Confirm with . or Enter, or press ? or * to list all spells.
Aiming: Sandblast (safe; 1% risk of failure)
Press: ? - help, Shift-Dir - straight line, f - hound
Aim: a hound The blast of sand hits the hound!
The hound is heavily wounded.
b - 30 stones The hound bites you.
* * * LOW HITPOINT WARNING * * *
The hound bites you.
You die...

........#.........###
........'.........'.
........#....c....#
###.######.......#
#...# #.....# ##..#
#.F.# ##?# #'# #.#
#(####### #.#
#..h@(..#
#.########.(####.#
#.#.........# #
#.#..............
###.#..####...#.##.
#......#####.h#.#
#.#..............
#.###..#####..####
#.# #..... ...#


You could see a hound.

Vanquished Creatures
  A sky beast (D:6)
  A centaur (D:6)
  2 ogres
  A bullfrog (D:6)
  A scorpion (D:5)
  A howler monkey (D:6)
  2 crimson imps
  2 hounds (D:5)
  2 bullfrog skeletons
  2 centaur skeletons (D:5)
  3 orc priests
  Natasha (thrice) (D:4)
  2 worker ants
  4 orc wizards (D:5)
  Robin (D:2)
  6 adders
  A river rat (D:5)
  A shadow imp (D:4)
  2 adder skeletons
  An adder zombie (D:5)
  5 worms
  3 dart slugs
  5 leopard geckos
  19 orcs
  14 bats
  4 giant cockroaches
  9 hobgoblins
  10 jackals
  5 quokkas
  5 ball pythons
  6 frilled lizards
  11 goblins (D:2)
  17 kobolds
  A quokka skeleton (D:4)
  10 rats
  2 plants (Sewer)
165 creatures vanquished.

Vanquished Creatures (others)
  A plant (Sewer)
1 creature vanquished.

Grand Total: 166 creatures vanquished

Notes
Turn   | Place    | Note
-------+----------+-------------------------------------------
     0 | D:1      | Illumine the Gargoyle Earth Elementalist began the quest
                  | for the Orb.
     0 | D:1      | Reached XP level 1. HP: 10/10 MP: 3/3
   328 | D:1      | Reached XP level 2. HP: 11/15 MP: 0/5
   451 | D:1      | Reached skill level 4 in Earth Magic
   842 | D:1      | Reached XP level 3. HP: 14/19 MP: 0/6
   851 | D:1      | Learned a level 3 spell: Stone Arrow
  1209 | D:2      | Noticed Robin
  1293 | D:2      | Killed Robin
  1293 | D:2      | Reached XP level 4. HP: 24/24 MP: 3/8
  1467 | D:2      | Reached skill level 1 in Conjurations
  2042 | D:3      | Reached XP level 5. HP: 23/28 MP: 5/9
  2959 | D:4      | Found an opulent altar of Gozag.
  2963 | D:4      | Noticed an ogre
  3182 | D:4      | Noticed Natasha
  3184 | D:4      | Killed Natasha
  3184 | D:4      | Reached skill level 5 in Earth Magic
  3202 | D:4      | Killed an ogre
  3202 | D:4      | Reached XP level 6. HP: 32/32 MP: 6/11
  3254 | D:4      | Found a hazy altar of Hepliaklqana.
  3278 | D:4      | Noticed Natasha
  3289 | D:4      | Killed Natasha
  3464 | D:4      | Noticed Natasha
  3468 | D:4      | Killed Natasha
  3905 | D:5      | Entered Level 5 of the Dungeon
  3907 | D:5      | Found a glowing drain.
  3925 | Sewer    | Entered a sewer
  3988 | Sewer    | Reached skill level 1 in Maces & Flails
  3988 | Sewer    | Reached XP level 7. HP: 23/37 MP: 9/12
  3997 | Sewer    | Reached skill level 1 in Fighting
  4546 | Sewer    | Upgraded the game from 0.25-a0-1071-g2607d5c to
                  | 0.25-a0-1073-gf4359a1
  4683 | D:5      | Noticed a moth of wrath
  5196 | D:5      | Reached skill level 6 in Earth Magic
  5349 | D:5      | Reached XP level 8. HP: 42/45 MP: 7/14
  5683 | D:5      | Found a bloodstained altar of Trog.
  5949 | D:5      | Got a warped flail
  5950 | D:5      | Identified the cursed +1 flail of Punaygg {protect, rPois
                  | rF- Int+5} (You found it on level 5 of the Dungeon)
  6192 | D:6      | Reached skill level 1 in Shields
  6393 | D:6      | HP: 2/46 [hound (4)]
  6393 | D:6      | Slain by a hound

Illustrated notes

Levels and vault maps discovered:
D:1:      dpeg_arrival_arbitrary_a, layout_rooms, minmay_tetromino_o2
D:2:      layout_basic, uniq_robin
D:3:      layout_basic
D:4:      layout_rooms, nicolae_gozag_seed_capital, lemuel_doored_altar,
          uniq_natasha
D:5:      layout_basic, tgw_trog, portal_sewer_entry_a, first_ration,
          minmay_between
D:6:      layout_loops_corners, small_statue_intersection, uniq_duvessa,
          uniq_menkaure

Skill      XL: |  1  2  3  4  5  6  7  8 |
---------------+-------------------------+-----
Earth Magic    | 4 5 6 |  6.5
Dodging        | 2 3 4 |  4.0
Conjurations   | 1 2 3 4 |  4.3
Spellcasting   | 3 4 |  4.5
Maces & Flails | 1 2 |  2.8
Fighting       | 2 3 |  3.2
Shields        | 1 |  1.7
Stealth        | |  2.1
Transmutations | |  0.7

Action                   |  1- 3 |  4- 6 |  7- 9 || total
-------------------------+-------+-------+-------++-------
Melee: Club              |     9 |       |       ||     9
       Mace              |    12 |   109 |       ||   121
       Flail             |       |    23 |   181 ||   204
       Morningstar       |       |       |    76 ||    76
 Cast: Sandblast         |    42 |    64 |    51 ||   157
       Stone Arrow       |       |       |     2 ||     2
  Use: Scroll            |     4 |     1 |     5 ||    10
 Stab: Sleeping          |     2 |     3 |     3 ||     8
  Eat: Chunk             |     2 |     8 |     8 ||    18
Armor: Robe              |    27 |    66 |    90 ||   183
Dodge: Dodged            |    19 |   156 |   174 ||   349

Table legend:
 A = Non-vault XP
 B = Vault XP
 C = Vault XP percentage of total XP
 D = Non-vault monster count
 E = Vault monster count
 F = Vault count percentage of total count
                 A         B        C        D         E       F
            +---------+---------+-------+---------+---------+-------
      Total |    1691 |     195 |  10.3 |     121 |      42 |  25.8
            +---------+---------+-------+---------+---------+-------
        D:1 |      32 |       4 |  11.1 |      20 |       1 |   4.8
        D:2 |      91 |      33 |  26.6 |      28 |      12 |  30.0
        D:3 |      70 |       0 |   0.0 |      19 |       0 |   0.0
        D:4 |     320 |      35 |   9.9 |      19 |       1 |   5.0
        D:5 |     675 |      71 |   9.5 |      27 |       9 |  25.0
        D:6 |     503 |       0 |   0.0 |       8 |       0 |   0.0
      Sewer |       0 |      52 | 100.0 |       0 |      19 | 100.0
            +---------+---------+-------+---------+---------+-------
